 Dungeon Crawl Stone Soup version 0.29-a0-43-g62a80824bf (webtiles) character file.

Game seed: 3312395691002068840

1060 tilp the Chiller (level 8, 36/36 HPs)
             Began as a Felid Ice Elementalist on Feb 2, 2022.
             Was a Follower of Makhleb.
             Quit the game on level 7 of the Dungeon.
             The game lasted 00:12:34 (8802 turns).

tilp the Chiller (Felid Ice Elementalist)           Turns: 8802, Time: 00:12:35

Health: 36/36      AC:  2    Str:  4    XL:     8   Next: 6%
Magic:  15/15      EV: 18    Int: 20    God:    Makhleb [*.....]
Gold:   125        SH:  0    Dex: 17    Spells: 4/15 levels left
                                        Lives:  1   Deaths: 1

rFire   . . .      SeeInvis +     - Unarmed
rCold   . . .      Faith    .   (shield unavailable)
rNeg    . . .      Spirit   .   (armour unavailable)
rPois   +          Reflect  .   (helmet unavailable)
rElec   .          Harm     .   (cloak unavailable)
rCorr   .          Rampage  .   (gloves unavailable)
Will    +....                   (boots unavailable)
Stlth   +++.......              (no amulet)
HPRegen 0.12/turn               e - ring of wizardry
MPRegen 0.14/turn               h - ring of poison resistance

@: quick
A: very small, claws 1, fangs 3, see invisible, speed 1, shaggy fur 2, stealthy
paws, no weapons or thrown items, no armour, multi-lived
a: Renounce Religion


You were on level 7 of the Dungeon.
You worshipped Makhleb.
Makhleb was aware of your devotion.
You visited 2 branches of the dungeon, and saw 8 of its levels.

You collected 322 gold pieces.
You spent 197 gold pieces at shops.

Inventory:

Jewellery
 d - an amulet of guardian spirit
 e - a ring of wizardry (left paw)
 h - a ring of poison resistance (right paw)
 i - a ring of ice
Wands
 n - a wand of iceblast (5)
 p - a wand of flame (21)
Scrolls
 a - 3 scrolls of fear
 m - a scroll of magic mapping
 q - a scroll of teleportation
 r - a scroll of identify
 s - a scroll of amnesia
Potions
 c - 4 potions of brilliance
 f - a potion of heal wounds
 g - 3 potions of curing
 j - 2 potions of resistance
 k - a potion of lignification
 l - 3 potions of might


   Skills:
 - Level 4.0 Fighting
 - Level 4.0 Dodging
 - Level 6.0 Stealth
 - Level 4.0 Unarmed Combat
 + Level 4.2 Spellcasting
 - Level 4.0 Conjurations
 * Level 7.3 Ice Magic


You had 4 spell levels left.
You knew the following spells:

 Your Spells              Type           Power      Damage    Failure   Level
a - Freeze                Ice            100%       1d11      1%          1
b - Frozen Ramparts       Ice            66%        1d8       1%          3
c - Ozocubu's Armour      Ice            33%        N/A       1%          3
d - Hailstorm             Conj/Ice       26%        3d7       4%          4

Your spell library contained the following spells:

 Spells                   Type           Power      Damage    Failure   Level
 Shock                    Conj/Air       48%        1d6       2%          1
 Sublimation of Blood     Necr           4%         N/A       8%          2
 Wereblood                Tmut           4%         N/A       8%          2
 Swiftness                Air            4%         N/A       16%         3
 Airstrike                Air            2%         N/A       43%         4
 Summon Hydra             Summ           2%         N/A       100%        7


Dungeon Overview and Level Annotations

Branches:
Dungeon (7/15)             Temple (1/1) D:5

Altars:
Ashenzari
Cheibriados
Elyvilon
Hepliaklqana
Kikubaaqudgha
Makhleb
Okawaru
Qazlal
Wu Jian
Yredelemnul
Zin
Jiyva

Shops:
D:6 ?

Annotations:
D:3 Sigmund


Innate Abilities, Weirdness & Mutations

You have sharp claws.
You have razor-sharp teeth.
You have supernaturally acute eyesight. (SInv)
You cover ground quickly. (Speed+)
You are covered in thick fur. (AC +2)
Your paws help you pounce on unaware monsters.
You are incapable of wielding weapons or throwing items.
You cannot wear armour.
You gain extra lives every three experience levels.


Message History

Aiming: Iceblast
Press: ? - help, Shift-Dir - straight line, f - wyvern zombie
Aim: a wyvern zombie (heavily damaged)
The mass of ice explodes!
The iceblast engulfs the wyvern zombie.
The wyvern zombie partially resists.
The wyvern zombie is severely damaged.
The iceblast engulfs the orc!
You kill the orc!
Makhleb accepts your kill.
You hear a shout! x2
A goblin comes into view. It is wielding a +0 hand axe.
You hear a shout!
Unknown command.
Unknown command.
Unknown command.
Casting: Freeze (safe; 1% risk of failure)
Confirm with . or Enter, or press ? or * to list all spells.
A film of ice covers your body!
Unknown command.
Aiming: Iceblast
Press: ? - help, Shift-Dir - straight line, f/p - wyvern zombie
Aim: a wyvern zombie (severely damaged)
The mass of ice explodes!
The iceblast engulfs the wyvern zombie.
The wyvern zombie partially resists.
The wyvern zombie is severely damaged.
The wyvern zombie closely misses you.
Unknown command.
Unknown command.
Unknown command.
You scratch the wyvern zombie but do no damage.
The wyvern zombie is severely damaged.
The wyvern zombie bites you!
You die...
You are now level 8!
You rejoin the land of the living...
Found a potion of heal wounds.
Unknown command.
Unknown command.
Unknown command.
Are you sure you want to abandon this character and quit the game? (Confirm with "yes".)

*,,,,,** **≈≈≈≈≈,,*******
*,,,,*****≈≈≈≈≈≈≈≈...,,,******
*>,,,***≈≈≈≈≈≈≈≈≈≈...,,,,,,,,*
***,,,,,****≈≈≈≈≈≈≈.≈##*********
**,,,,,,,,#######.≈≈...#
,,,,,,,,,,,......≈≈≈≈..#*****
***,*,,,,***,....≈≈≈≈...,,*,*****
* *,*,,,,,**,*#..≈≈≈≈.#**,*,**,,,
**,*****,**.##.@≈≈.≈≈# *,*,**,,,
**,,* ***,*#.###.≈≈≈≈.#**,,,**,,,
,,,****,,,,......≈≈.≈...,,,,,,,,,
,,,,,,,,***.....≈≈.≈≈≈##**,,**,,,
,,******* *.....≈≈≈.≈≈#**,,,**,,,
,,* *......≈≈≈≈...*,,,,**** ,,*
##......≈!≈≈...,,,*,,..#
,,*******#<......≈≈≈≈###*******.#
,,,..o...........≈≈≈≈≈**≈≈≈* *..


There were no monsters in sight!

Vanquished Creatures
  A water moccasin (D:5)
  4 black bears
  2 necrophages
  An ice beast (D:6)
  2 phantoms (D:5)
  A kobold brigand (D:6)
  Blork the orc (D:6)
  3 scorpions (D:5)
  A wyvern skeleton (D:6)
  A water moccasin skeleton (D:5)
  A howler monkey (D:5)
  A jelly (D:6)
  2 orc priests
  A hound (D:4)
  Terence (D:3)
  Natasha (thrice) (D:2)
  5 iguanas
  3 orc wizards
  A hound skeleton (D:5)
  Robin (D:3)
  2 howler monkey zombies
  4 gnolls
  10 adders
  An ufetubus (D:5)
  An adder skeleton (D:4)
  A worm (D:2)
  3 dart slugs
  22 orcs
  7 endoplasms
  5 giant cockroaches
  12 goblins
  18 hobgoblins
  4 jackals (D:4)
  2 ball pythons
  9 bats
  14 kobolds
  4 rats
155 creatures vanquished.

Notes
Turn   | Place    | Note
-------+----------+-------------------------------------------
     0 | D:1      | tilp the Felid Ice Elementalist began the quest for the
                  | Orb.
     0 | D:1      | Reached XP level 1. HP: 7/7 MP: 4/4
   370 | D:1      | Found a faded altar of an unknown god.
   626 | D:1      | Reached XP level 2. HP: 11/11 MP: 1/6
   638 | D:1      | Reached skill level 4 in Ice Magic
  1431 | D:2      | Noticed Natasha
  1553 | D:2      | Reached XP level 3. HP: 14/14 MP: 4/7
  1557 | D:2      | Learned a level 3 spell: Frozen Ramparts
  1841 | D:2      | Killed Natasha
  1842 | D:2      | Reached XP level 4. HP: 18/18 MP: 2/9
  1919 | D:2      | Learned a level 3 spell: Ozocubu's Armour
  2127 | D:2      | Reached skill level 5 in Ice Magic
  2506 | D:2      | Noticed Natasha
  2509 | D:2      | Killed Natasha
  2567 | D:2      | Noticed Natasha
  2574 | D:2      | Killed Natasha
  2575 | D:2      | Reached XP level 5. HP: 16/21 MP: 2/10
  2803 | D:3      | Noticed Terence
  2811 | D:3      | Killed Terence
  3006 | D:3      | Noticed Robin
  3017 | D:3      | Noticed Sigmund
  3020 | D:3      | Killed Robin
  3392 | D:3      | Reached skill level 6 in Ice Magic
  3733 | D:3      | Gained mutation: You are covered in thick fur. (AC +2)
                  | [Felid growth]
  3733 | D:3      | Reached XP level 6. HP: 25/25 MP: 11/11
  3738 | D:3      | Learned a level 4 spell: Hailstorm
  3821 | D:3      | Reached skill level 1 in Unarmed Combat
  3824 | D:3      | Reached skill level 1 in Fighting
  4892 | D:4      | Found an ornate altar of the Wu Jian Council.
  5173 | D:5      | Entered Level 5 of the Dungeon
  5198 | D:5      | Reached XP level 7. HP: 30/30 MP: 3/12
  5506 | D:5      | Found a basalt altar of Yredelemnul.
  5941 | D:5      | Found a staircase to the Ecumenical Temple.
  6081 | D:5      | Reached skill level 5 in Stealth
  6131 | D:5      | Reached XP level 8. HP: 25/36 MP: 4/13
  6283 | D:5      | Reached skill level 1 in Conjurations
  6571 | Temple   | Entered the Ecumenical Temple
  6719 | Temple   | Became a worshipper of Makhleb the Destroyer
  7277 | D:6      | Noticed Blork the orc
  7285 | D:6      | Killed Blork the orc
  7512 | D:6      | Found Yshuicvo's Magic Scroll Boutique.
  7515 | D:6      | Reached skill level 7 in Ice Magic
  7974 | D:6      | Reached XP level 9. HP: 39/39 MP: 16/16
  8035 | D:6      | Noticed a two-headed ogre
  8456 | D:6      | Bought a scroll of magic mapping for 38 gold pieces
  8456 | D:6      | Bought a scroll of teleportation for 33 gold pieces
  8456 | D:6      | Bought a scroll of identify for 22 gold pieces
  8456 | D:6      | Bought a scroll of identify for 22 gold pieces
  8456 | D:6      | Bought a scroll of identify for 22 gold pieces
  8456 | D:6      | Bought a scroll of identify for 22 gold pieces
  8456 | D:6      | Bought a scroll of amnesia for 38 gold pieces
  8777 | D:7      | Reached * piety under Makhleb
  8801 | D:7      | Slain by a wyvern zombie
  8802 | D:7      | Reached XP level 8. HP: -2/36 MP: 10/15
  8802 | D:7      | Quit the game

Illustrated notes

Levels and vault maps discovered:
D:1:      amcnicky_arrival_double_pillar, layout_basic,
          chequers_ecumenical_altar_simple_redux, st_stairs_14
D:2:      cheibrodos_old_hovel, layout_basic, uniq_natasha
D:3:      layout_rooms, minmay_circle_x, uniq_robin, uniq_sigmund, uniq_terence
D:4:      layout_basic, nzn_wu_jian_council_hall
D:5:      layout_loops_ring, mainiacjoe_overflow_small_starburst,
          minmay_temple_entry_enclosed_plants, minmay_increasing_density
D:6:      cheibrodos_thug_alley, layout_loops_corners,
          nicolae_inconvenience_store, uniq_blork_the_orc
D:7:      layout_rooms, amcnicky_altar_gilded, serial_rivers,
          chequers_serial_rivers_large_a, chequers_serial_rivers_micro_d,
          chequers_serial_rivers_room_b, chequers_serial_rivers_micro_a,
          chequers_serial_rivers_micro_c, enter_bailey_3
Temple:   pf_slime_end_temple

Skill      XL: |  1  2  3  4  5  6  7  8  9 |
---------------+----------------------------+-----
Ice Magic      | 4 5 6 7 |  7.3
Spellcasting   | 3 4 |  4.2
Unarmed Combat | 2 4 |  4.0
Fighting       | 2 4 |  4.0
Stealth        | 3 5 6 |  6.0
Dodging        | 3 4 |  4.0
Conjurations   | 3 4 |  4.0

Action                   |  1- 3 |  4- 6 |  7- 9 || total
-------------------------+-------+-------+-------++-------
Melee: Unarmed           |    12 |    55 |   128 ||   195
       Bite              |     2 |     4 |    15 ||    21
       Punch             |       |       |     4 ||     4
 Cast: Freeze            |    43 |    27 |    19 ||    89
       Frozen Ramparts   |     2 |    23 |    17 ||    42
       Ozocubu's Armour  |       |    14 |    14 ||    28
       Hailstorm         |       |     2 |     1 ||     3
Evoke: Wand              |       |       |     2 ||     2
  Use: Scroll            |     3 |     6 |     8 ||    17
 Stab: Sleeping          |     3 |     9 |    14 ||    26
Armor: Skin              |     3 |    10 |    27 ||    40
Dodge: Dodged            |    32 |    59 |   114 ||   205

Table legend: (Time is in decaauts)
 A = Elapsed time spent in this place.
 B = Non-inter-level travel time spent in this place.
 C = Inter-level travel time spent in this place.
 D = Time resting spent in this place.
 E = Time spent auto-exploring this place.
 F = Levels seen in this place.
 G = Mean time per level.
                   A        B        C        D        E       F      G
               +--------+--------+--------+--------+--------+-----+--------+
         Total |   7790 |   7239 |    551 |    424 |   5579 |   8 |  973.8 |
       Dungeon |   7659 |   7133 |    526 |    424 |   5483 |   7 | 1094.1 |
        Temple |    130 |    106 |     24 |      0 |     96 |   1 |  130.0 |
               +--------+--------+--------+--------+--------+-----+--------+

Top non-repeatable levels by time:
     D:6: 1739 daAuts
     D:1: 1340 daAuts
     D:2: 1296 daAuts
     D:5: 1261 daAuts
     D:3: 1078 daAuts
     D:4: 908 daAuts
  Temple: 130 daAuts
     D:7: 35 daAuts
